 Dungeon Crawl Stone Soup version 0.17-a0-435-gc4df345 (webtiles) character file.

81 krae the Insei (level 4, 0/28 HPs)
             Began as an Octopode Transmuter on Apr 4, 2015.
             Killed by divine providence
             ... invoked by an orc priest
              (12 damage)
             ... on level 3 of the Dungeon.
             The game lasted 00:11:31 (1535 turns).

krae the Insei (Octopode Transmuter)                Turns: 1535, Time: 00:11:31

Health: 0/28       AC:  2    Str:  9    XL:     4   Next: 42%
Magic:  4/7        EV: 19    Int: 16    God:
Gold:   44         SH:  0    Dex: 17    Spells: 3 memorised, 1 level left

rFire  . . .     SeeInvis .       - Unarmed
rCold  . . .     Clarity  .     (shield currently unavailable)
rNeg   . . .     SustAb   .     (helmet currently unavailable)
rPois  x         Gourm    .     (no amulet)
rElec  .         Spirit   .     g - ring of wizardry
rCorr  .         Warding  .     (no ring)
rMut   .         Stasis   .     (no ring)
MR     .....                    (no ring)
Stlth  ++........               (no ring)
                                (no ring)
                                (no ring)
                                (no ring)

@: spider-form (expiring), not resistant to hostile enchantments, unstealthy
A: almost no armour, amphibious, 8 rings, (constrict 8), (camouflage 0),
(gelatinous body 0)
a: End Transformation


You were on level 3 of the Dungeon.
You were not hungry.
You were a venomous arachnid creature.
You visited 1 branch of the dungeon, and saw 3 of its levels.

You collected 44 gold pieces.


Innate Abilities, Weirdness & Mutations

You cannot wear most types of armour.
You are amphibious.
You can wear up to eight rings at the same time.
((You can use your tentacles to constrict eight enemies at once.))
((Your skin changes colour to match your surroundings (Stealth).))
((Your rubbery body absorbs attacks (AC +1).))


   Skills:
 - Level 1.0 Fighting
 - Level 2.0 Dodging
 + Level 5.1 Unarmed Combat
 - Level 2.0 Spellcasting
 - Level 2.0 Transmutations


You had one spell level left.
You knew the following spells:

 Your Spells              Type           Power        Failure   Level  Hunger
x - Spider Form           Trmt/Pois      #.........   30%         3    ###....
z - Beastly Appendage     Trmt           #.....       10%         1    #......
Z - Sticks to Snakes      Trmt           #.........   13%         2    ###....

Inventory:

Hand weapons
 k - a +0 hunting sling (melded)
Missiles
 b - 20 arrows
 e - a throwing net {=f}
 h - 18 poisoned needles
 j - 51 stones (quivered)
 p - 11 sling bullets
Jewellery
 g - a ring of wizardry (left front leg)
Scrolls
 c - 4 scrolls of remove curse
 l - 2 scrolls of identify {@r1}
 m - 2 scrolls of enchant armour
 q - a scroll of magic mapping
Potions
 f - a potion of agility
Books
 d - a book of Changes
Comestibles
 a - 2 bread rations
 i - 3 chunks of flesh
 o - 3 meat rations

Dungeon Overview and Level Annotations

Branches:
Dungeon (3/15)

Altars:

..##....# ..# .(.#....#
#. ...#....#### #. (..
#......# ..#.# #......#
##.#(# #......# #
#..#.###...)..#######
#.#...o........).......
#.....s#########.######
###..#.....#...#.)....#
#.>..........)..)....
#....#.#.#.....####.#
######.#.###.#.####.#
#.#.......##<#.#
#.####....##)#.# #.#
#....##.#.. #.#
##...)...#..


You could see an orc priest.


Message History

You are alive.
You have 6 tentacles available for constriction.
Your movement speed is average.
Your attack speed is below average.
You are not resistant to hostile enchantments.
You feel unstealthy.
Unknown command.
The orc priest shouts!
Firing (i - inventory. (,) - cycle):
p - 12 sling bullets (quivered)
Aim: an orc priest, wielding a dagger and wearing a scale mail You shoot a sling bullet.
The sling bullet closely misses the orc priest.
You turn into a venomous arachnid creature.
Your transformation is almost over.
The orc priest mumbles some strange prayers to Beogh against you.
Something smites you!
Ouch! That really hurt!
* * * LOW HITPOINT WARNING * * *
You hit the orc priest.
The orc priest is poisoned.
The orc priest is moderately wounded.
The orc priest barely misses you.
Unknown command.
You barely miss the orc priest.
The orc priest is heavily wounded.
The orc priest hits you but does no damage.
Unknown command.
You hit the orc priest but do no damage.
The orc priest is heavily wounded.
The orc priest mumbles some strange prayers to Beogh against you.
Something smites you!
You die...

Action                   |  1- 3 |  4- 6 || total
-------------------------+-------+-------++-------
Melee: Unarmed           |    56 |    16 ||    72
 Fire: Hunting sling     |    37 |    22 ||    59
 Cast: Beastly Appendage |    12 |     6 ||    18
       Spider Form       |       |     1 ||     1
  Use: Scroll            |     7 |     1 ||     8
 Stab: Sleeping          |     5 |       ||     5
  Eat: Meat ration       |     1 |       ||     1

Vault maps used:
D:1:      dpeg_arrival_castle
D:2:      first_bread, kennysheep_generic_room_11

Notes
Turn   | Place    | Note
--------------------------------------------------------------
     0 | D:1      | krae, the Octopode Transmuter, began the quest for the Orb.
     0 | D:1      | Reached XP level 1. HP: 13/13 MP: 3/3
   135 | D:1      | Reached XP level 2. HP: 16/18 MP: 5/5
   139 | D:1      | Learned a level 2 spell: Sticks to Snakes
   683 | D:2      | Reached skill level 4 in Unarmed Combat
   816 | D:2      | Reached XP level 3. HP: 23/23 MP: 6/6
  1332 | D:2      | Reached XP level 4. HP: 28/28 MP: 7/7
  1426 | D:3      | Reached skill level 5 in Unarmed Combat
  1525 | D:3      | Learned a level 3 spell: Spider Form
  1535 | D:3      | Killed from afar by an orc priest

Vanquished Creatures
  2 adders (D:2)
  2 worms
  A giant gecko (D:3)
  An ooze (D:1)
  4 orcs (D:3)
  A ball python (D:2)
  5 hobgoblins
  3 jackals (D:2)
  2 quokkas
  5 bats
  6 goblins
  6 kobolds
  6 rats
44 creatures vanquished.
